[Event "BLR-ch 1st Stage Women 2020"]
[Site "Minsk"]
[Date "2020.02.02"]
[Round "8.2"]
[White "Zeliantsova, Kseniya"]
[Black "Norman, Kseniya"]
[Result "1-0"]
[ECO "B51"]
[WhiteElo "1993"]
[BlackElo "1730"]
[Annotator "NA"]
[PlyCount "53"]
[EventDate "2020.02.01"]
[EventType "swiss"]
[EventCountry "BLR"]
[SourceTitle "playchess.com"]
[Source "ChessBase"]
[SourceQuality "1"]
[TimeControl "40/5400+30:1800+30"]

1. e4 c5 2. Nf3 d6 3. Bb5+ Nc6 4. O-O Bd7 5. c3 Nf6 6. Re1 g6 7. d4 cxd4 8. cxd4 Bg7 9. Nc3 {[%emt 0:01:15] B51: Sicilian: Moscow Variation (3 Bb5+) without 3...Bd7} O-O 10. h3 Ne8 {[%emt 0:04:56] [#]} 11. Bf4 $146 ({Predecessor:} 11. Bg5 Nc7 12. Bf1 h6 13. Be3 e6 14. Qd2 Kh7 15. Rad1 Ne7 16. e5 d5 17. g4 Nc6 {½-½ (45) Nuri,M (2291)-Rahimli,I (1992) Istanbul 2019}) 11... Nc7 12. Bf1 e5 13. Be3 (13. Bg5 $16 Bf6 14. Bxf6 Qxf6 15. d5) 13... b6 (13... Nxd4 $14 14. Nxd4 exd4 15. Bxd4 Be5) 14. Qd2 f5 15. dxe5 dxe5 16. Bg5 Qc8 (16... Qe8 $16 {was necessary.}) 17. Rad1 Be6 18. exf5 Bxf5 19. Bh6 Rd8 20. Qe3 Rxd1 21. Rxd1 ({Weaker is} 21. Nxd1 Qf8 $16) 21... Qe8 (21... Qf8 {was called for.}) 22. Nb5 $18 Nxb5 23. Bxb5 e4 24. Bxg7 exf3 25. Qxf3 Be4 26. Qc3 Rc8 27. Bc4+ 1-0

[Event "BLR-ch 1st Stage Women 2020"]
[Site "Minsk"]
[Date "2020.02.02"]
[Round "8.3"]
[White "Danchanka, Zlata"]
[Black "Poliakova, Varvara"]
[Result "0-1"]
[ECO "A04"]
[WhiteElo "1576"]
[BlackElo "2052"]
[Annotator "NA"]
[PlyCount "110"]
[EventDate "2020.02.01"]
[EventType "swiss"]
[EventCountry "BLR"]
[SourceTitle "playchess.com"]
[Source "ChessBase"]
[SourceQuality "1"]
[TimeControl "40/5400+30:1800+30"]

1. Nf3 d6 2. d3 e5 3. c4 c6 4. Nc3 g6 5. Bg5 Qc7 6. Qd2 Bg7 7. e4 Nd7 8. Be2 Nc5 9. h4 Ne6 10. Be3 Nd4 11. h5 Be6 12. Rc1 Qd7 13. Ng5 O-O-O 14. Nxe6 Qxe6 15. b4 Kb8 16. b5 c5 17. h6 Bf8 18. Nd5 f5 19. Qa5 Qd7 20. Bxd4 exd4 21. b6 (21. exf5 $16 Bxh6 22. Rd1) 21... a6 22. Bf3 Ne7 $1 23. Nc7 Nc6 24. Nxa6+ $2 (24. Qa4 $11) 24... bxa6 25. Qxa6 {[%emt 0:00:13] [#]} Qb7 ({Better is} 25... Ne5 $1 $19 26. Qa5 Qb7) 26. Qa4 {[%emt 0:04:26] [#]} Ne5 $1 ({And not} 26... Qxb6 27. O-O $16) 27. Rb1 Qa8 28. Qxa8+ Kxa8 29. exf5+ Nxf3+ 30. gxf3 Be7 31. fxg6 hxg6 32. h7 Rde8 (32... Bg5 $19 33. b7+ Kb8) 33. Kd1 Bd8 ({Black should play} 33... Bg5 $17 34. Kc2 Bf4) 34. a4 Kb7 35. a5 Re7 36. Rh6 $2 ({White should play} 36. f4 $1 $15) 36... Rhxh7 37. Rxh7 Rxh7 38. Ke2 Bf6 $2 (38... Re7+ $19 39. Kf1 Re8) 39. f4 g5 (39... Ka6 $17) 40. fxg5 $2 (40. Kf3 $1 $11) 40... Bxg5 41. Rg1 Re7+ 42. Kd1 Bf4 43. Rg4 Rf7 44. Rg8 $1 Bh6 45. Rg6 {[%emt 0:00:33] [#]} (45. Rd8 $11) 45... Bf8 $1 46. Re6 Rxf2 47. Re8 {[%emt 0:00:19] [#]} Rf7 (47... Rf3 $1 $17 48. Kd2 Bh6+ 49. Kc2 Bg5) 48. Kc2 Rf1 49. Kb3 d5 50. cxd5 Bd6 51. Rd8 Be5 52. Rd7+ Kc8 53. Ra7 Rb1+ 54. Kc4 $2 (54. Kc2 $11 Rb5 55. Ra8+ Kb7 56. Ra7+ Kc8 57. Ra8+ Kb7 58. Ra7+ Kc8) 54... Bd6 55. Rh7 Rb4# 0-1

[Event "BLR-ch 1st Stage Women 2020"]
[Site "Minsk"]
[Date "2020.02.03"]
[Round "9.1"]
[White "Halouchyts, Karalina"]
[Black "Zeliantsova, Kseniya"]
[Result "0-1"]
[ECO "B35"]
[WhiteElo "1685"]
[BlackElo "1993"]
[Annotator "NA RC"]
[PlyCount "75"]
[EventDate "2020.02.01"]
[EventType "swiss"]
[EventCountry "BLR"]
[SourceTitle "playchess.com"]
[Source "ChessBase"]
[SourceQuality "1"]
[TimeControl "40/5400+30:1800+30"]

1. e4 c5 2. Nf3 Nc6 3. d4 cxd4 4. Nxd4 g6 5. Nc3 Bg7 6. Be3 d6 7. Bc4 Nf6 8. f3 O-O 9. Bb3 Qa5 10. O-O Bd7 {[%emt 0:00:44] [#]} 11. Rb1 $146 {[%emt 0:05:03] B35: Sicilian: Accelerated Dragon with 5 Nc3: main line} ({Predecessor:} 11. Nd5 Nxd5 12. exd5 Ne5 13. Qe2 b5 14. c3 Rfe8 15. Rfe1 Rab8 16. Bf2 Qc7 17. a4 a6 18. axb5 axb5 {½-½ (57) Fischer,D (2327)-Delchev,A (2550) Montebelluna 2020}) 11... Rac8 12. Nd5 Nxd5 13. Bxd5 Nxd4 14. Bxd4 Bxd4+ 15. Qxd4 Rxc2 16. Bxb7 e5 17. Qxd6 Bb5 18. Rfd1 (18. Rfc1 $5 Re2 19. Kh1 $11 (19. Qxe5 $2 Qb6+ {[%mdl 64] Double Attack} 20. Rc5 Bd3 $19)) 18... Be2 (18... Bc4 $11) 19. Rdc1 Rd2 (19... Qxa2 $14 20. Qxe5 Bc4) 20. Bd5 Bd3 21. Ra1 a6 $2 (21... Rxb2 {is tougher.} 22. Qxe5 Qb6+ 23. Kh1 Ba6) 22. Rc7 Qa4 23. Qxe5 Bb5 24. b3 Qa5 25. a4 Qb6+ 26. Kh1 Be8 27. Re7 Qd8 28. Qf6 Qc8 29. h4 $18 Qb8 30. h5 Qg3 31. Rg1 g5 32. Qf5 Qh4+ 33. Qh3 Qf4 34. Qg4 Qf6 35. Rb7 Kh8 36. a5 Qh6 37. Rb6 f6 38. Rxa6 0-1

[Event "BLR-ch 1st Stage Women 2020"]
[Site "Minsk"]
[Date "2020.02.03"]
[Round "9.2"]
[White "Norman, Kseniya"]
[Black "Poliakova, Varvara"]
[Result "1-0"]
[ECO "C91"]
[WhiteElo "1730"]
[BlackElo "2052"]
[Annotator "NA RC"]
[PlyCount "119"]
[EventDate "2020.02.01"]
[EventType "swiss"]
[EventCountry "BLR"]
[SourceTitle "playchess.com"]
[Source "ChessBase"]
[SourceQuality "1"]
[TimeControl "40/5400+30:1800+30"]

1. e4 e5 2. Nf3 Nc6 3. Bb5 a6 4. Ba4 Nf6 5. O-O Be7 6. Re1 b5 7. Bb3 d6 8. c3 O-O 9. d4 Bg4 10. d5 Na5 11. Bc2 {[%emt 0:00:25] C91: Closed Ruy Lopez: 7...d6 8 c3 0-0 9 d4} Bd7 12. Nbd2 c6 13. dxc6 {[%emt 0:02:52] [#]} Bxc6 $146 ({Predecessor:} 13... Nxc6 14. Nf1 Re8 15. Bg5 Ng4 16. Qd2 Na5 17. b3 Qc7 18. Bxe7 Rxe7 19. Rac1 Rc8 20. Red1 Nb7 {0-1 (74) Kovalevskaya,E (2486)-Obukhov,A (2444) Samara 2002}) 14. Nf1 Qc7 15. Bg5 Nb7 16. Bxf6 Bxf6 17. Ne3 Nc5 18. Nd5 Qd8 19. h3 g6 20. Nh2 Bg7 21. Ng4 Ne6 22. Nge3 Qg5 23. Qf3 Kh8 24. Rad1 Rad8 25. Qg4 Qxg4 26. hxg4 Bh6 27. g3 Nc5 28. Kg2 Bb7 29. f4 exf4 30. gxf4 Rfe8 (30... a5 $142) 31. Kf3 Bg7 32. g5 b4 (32... Re6 $16 {might work better.}) 33. cxb4 Ne6 34. Ba4 Nd4+ 35. Rxd4 Bxd4 36. Bxe8 Rxe8 37. Rd1 Bxe3 38. Kxe3 h5 39. gxh6 Bxd5 40. Rxd5 f5 41. Rd4 Kh7 42. Kd3 fxe4+ 43. Rxe4 Rf8 44. Ke3 Rc8 45. Rd4 Rc6 46. a4 Kxh6 47. b5 axb5 48. axb5 Rb6 49. Rd5 Kg7 50. Kd4 Kf6 $2 (50... Kf7 51. Rg5 Ke7) 51. Kc4 Ke7 52. Rg5 Rb8 53. Rxg6 Rc8+ 54. Kb4 d5 55. f5 Rc2 $18 56. b3 Kd7 57. Rg7+ Kd6 58. b6 Rc8 59. b7 Rf8 60. Kb5 1-0

[Event "BLR-ch 1st Stage Women 2020"]
[Site "Minsk"]
[Date "2020.02.03"]
[Round "9.3"]
[White "Sukalina, Alina"]
[Black "Astapchyk, Darya"]
[Result "0-1"]
[ECO "D20"]
[WhiteElo "1622"]
[BlackElo "1380"]
[Annotator "NA RC"]
[PlyCount "148"]
[EventDate "2020.02.01"]
[EventType "swiss"]
[EventCountry "BLR"]
[SourceTitle "playchess.com"]
[Source "ChessBase"]
[SourceQuality "1"]
[TimeControl "40/5400+30:1800+30"]

1. d4 d5 2. c4 dxc4 3. Nc3 Nf6 4. e4 e5 5. d5 c6 6. Bxc4 b5 7. Bb3 b4 8. Na4 Nxe4 9. Qh5 Qc7 10. dxc6 Nf6 11. Qe2 Ba6 12. Qe3 Nxc6 13. Bd2 Rd8 14. Rc1 Rd3 15. Qe2 Qb7 16. Bc4 Bxc4 17. Rxc4 Rd5 18. Nf3 Be7 19. O-O Qd7 20. Be3 e4 21. Nd2 Ne5 22. b3 Nxc4 23. Nxc4 O-O 24. h3 Rd8 25. Nab2 Qb5 26. Qc2 Bc5 27. Bxc5 Qxc5 28. Qe2 Qb5 29. Qc2 Qd7 30. Qb1 Rg5 31. Rd1 Rd5 32. Rxd5 Qxd5 33. Ne3 Qd4 34. Nbc4 Nd5 35. Nxd5 Qxd5 36. Kh2 h6 37. Qe1 a5 38. Qe3 Kh7 39. Qb6 f5 40. Qc7 Rd7 41. Qc8 Qb7 42. Qe8 Re7 43. Qf8 Rf7 44. Qe8 Qc7+ 45. g3 Qd7 46. Qe5 Qc7 47. Qe8 Qe7 48. Qb8 f4 49. Qb6 fxg3+ 50. fxg3 Qf6 51. Qxf6 gxf6 52. Kg2 f5 53. Kf2 Kg7 54. Ke3 Rd7 55. Nb2 h5 56. g4 hxg4 57. hxg4 Kf6 58. gxf5 Kxf5 59. Nc4 Rd3+ 60. Ke2 Kf4 61. Nxa5 Rh3 62. Nc6 Rh2+ 63. Ke1 Rxa2 64. Nxb4 Rb2 65. Nd5+ Ke5 66. Ne3 Rxb3 67. Kd2 Kf4 68. Nc4 Kf3 69. Ne5+ Kf4 70. Nc4 Rh3 71. Ke2 Rh2+ 72. Kf1 Rc2 73. Nd6 Kf3 74. Ke1 e3 0-1